 Dungeon Crawl Stone Soup version 0.20.1-1-g8b1a95d66d (webtiles) character file.

15 Csabeeboy the Skirmisher (level 2, -3/26 HPs)
             Began as a Draconian Fighter on Dec 24, 2017.
             Slain by a gnoll
             ... wielding a +0 club
              (9 damage)
             ... on level 2 of the Dungeon.
             The game lasted 00:02:13 (1068 turns).

Csabeeboy the Skirmisher (Draconian Fighter)        Turns: 1068, Time: 00:02:13

Health: -3/26      AC:  4    Str: 18    XL:     2   Next: 34%
Magic:  2/2        EV: 10    Int:  8    God:
Gold:   139        SH:  8    Dex: 10    Spells: 2/2 levels left

rFire    x . .     SeeInvis .   a - +0 long sword
rCold    + . .     Gourm    .   b - +0 shield
rNeg     . . .     Faith    .   (armour unavailable)
rPois    .         Spirit   .   (helmet restricted)
rElec    .         Reflect  .   (no cloak)
rCorr    .         Harm     .   (no gloves)
MR       .....                  (no boots)
Stlth    +.........             i - amulet of magic regeneration
Regen    0.1/turn               k - ring of ice
MPRegen  0.2/turn               (no ring)

@: no status effects
A: unfitting armour, cold-blooded, AC +4
a: no special abilities


You were on level 2 of the Dungeon.
You were not hungry.

You visited 1 branch of the dungeon, and saw 2 of its levels.

You collected 139 gold pieces.

Inventory:

Hand Weapons
 a - a +0 long sword (weapon)
Armour
 b - a +0 shield (worn)
 l - a +0 buckler
Jewellery
 i - an amulet of magic regeneration (around neck)
 k - a ring of ice (left hand)
Scrolls
 g - a scroll of remove curse {unknown}
 h - a scroll of enchant armour {unknown}
 j - 2 scrolls of magic mapping {unknown}
 n - a scroll of amnesia {unknown}
Potions
 c - a potion of might
 e - 3 potions of curing {unknown}
 m - a potion of brilliance {unknown}
 p - a potion of agility {unknown}
 q - a potion of heal wounds {unknown}
Comestibles
 d - 2 bread rations
 f - 2 royal jellies


   Skills:
 + Level 3.5 Fighting
 - Level 2.0 Long Blades
 + Level 3.0 Dodging
 - Level 3.1 Shields
 * Level 0.5 Spellcasting


You had 2 spell levels left.
You didn't know any spells.

Dungeon Overview and Level Annotations

Branches:
Dungeon (2/15)

Altars:
Cheibriados
Nemelex Xobeh

Annotations:
D:2 Terence


Innate Abilities, Weirdness & Mutations

Your plain brown scales are hard. (AC +4)
You cannot fit into any form of body armour.
You are cold-blooded and may be slowed by cold attacks.


Message History

Found 23 stones. 2 gnolls come into view.
There are monsters nearby!
There are monsters nearby!
There are monsters nearby!
A gnoll comes into view. It is wielding a club.
The gnoll shouts! x2
The gnoll hits you with a spear!
You slash the gnoll!
The gnoll is severely wounded.
You block the gnoll's attack.
You hit the gnoll but do no damage.
The gnoll is severely wounded.
The gnoll hits you with a spear.
You closely miss the gnoll.
Your tail-slap misses the gnoll.
The gnoll is severely wounded.
The gnoll hits you with a spear!
* * * LOW HITPOINT WARNING * * *
You block the gnoll's attack. The gnoll hits you with a club!
You die...

.........######.##..........
............................
##....†#############.#####
+............ ..... .
###.....####### ###.### #
................. .. #
..........##########
.................(..
..........##@g.#.##
..........##gg.#
######.####....# #. #......
#. #....#.# #.####... .. ###
.. ### ###.@g.


You could see 3 gnolls.

Vanquished Creatures
  A dart slug (D:2)
  A giant cockroach (D:2)
  2 hobgoblins
  3 kobolds (D:1)
  2 bats
  2 frilled lizards
  3 rats
14 creatures vanquished.

Notes
Turn   | Place    | Note
-------+----------+-------------------------------------------
     0 | D:1      | Csabeeboy the Draconian Fighter began the quest for the Orb.
     0 | D:1      | Reached XP level 1. HP: 19/19 MP: 1/1
   515 | D:1      | Found a sparkling altar of Nemelex Xobeh.
   750 | D:2      | Noticed Terence
   773 | D:2      | Reached XP level 2. HP: 25/26 MP: 2/2
   822 | D:2      | Found a snail-covered altar of Cheibriados.
  1068 | D:2      | Slain by a gnoll

Skill      XL: |  1  2 |
---------------+-------+-----
Dodging        | 3 |  3.0
Fighting       | |  3.5
Long Blades    | |  2.0
Shields        | |  3.1
Spellcasting   | |  0.5

Action                   || total
-------------------------++-------
Melee: Long sword        ||    28
       Tailslap          ||     3
 Stab: Sleeping          ||     1
Armor: Skin              ||     6
Dodge: Dodged            ||    15
Block: Shield            ||    14
       Rpst.: Long sword ||     5
